 Dungeon Crawl Stone Soup version 0.31-a0-968-g24f9ace8b5 (webtiles) character file.

Game seed: 94616053485863655

90 Dittersdorf the Trooper (level 4, -1/29 HPs)
             Began as a Gargoyle Fighter on Oct 27, 2023.
             Slain by an orc
             ... wielding a +0 trident
              (7 damage)
             ... on level 3 of the Dungeon.
             The game lasted 00:02:27 (1627 turns).

Dittersdorf the Trooper (Gargoyle Fighter)          Turns: 1627, Time: 00:02:28

Health: -1/29      AC: 11    Str: 21    XL:     4   Next: 56%
Magic:  4/4        EV:  9    Int:  9    God:
Gold:   112        SH:  4    Dex:  9    Spells: 3/3 levels left

rFire   . . .        a - +0 flail
rCold   . . .        c - +0 buckler
rNeg    + . .        b - +0 scale mail
rPois   ∞            (no helmet)
rElec   +            e - +0 cloak
rCorr   .            (no gloves)
SInv    .            (no boots)
Will    .....        (no amulet) Stlth
                     (no ring)
HPRegen 0.24/turn    (no ring)
MPRegen 0.09/turn

%: no passive effects
@: no status effects
A: sickness immunity, AC +3, negative energy resistance 1, electricity
resistance, torment resistance 1, petrification resistance
a: no special abilities


You were on level 3 of the Dungeon.
You visited 1 branch of the dungeon, and saw 3 of its levels.

You collected 112 gold pieces.

Inventory:

Hand Weapons
 a - a +0 flail (weapon)
Missiles
 p - 6 curare-tipped darts (quivered)
Armour
 b - a +0 scale mail (worn)
 c - a +0 buckler (worn)
 e - a +0 cloak (worn)
Jewellery
 n - a +4 ring of protection
Scrolls
 g - a scroll of amnesia {unknown}
 h - a scroll of fog {unknown}
 i - a scroll of teleportation {unknown}
 j - 2 scrolls of identify {unknown}
 m - a scroll of noise {unknown}
Potions
 d - a potion of might
 f - a potion of berserk rage {unknown}
 k - a potion of heal wounds {unknown}
 l - a potion of invisibility {unknown}
 o - a potion of attraction {unknown}


   Skills:
 + Level 4.0 Fighting
 + Level 2.9 Maces & Flails
 + Level 4.0 Armour
 + Level 4.0 Shields


You had 3 spell levels left.
You didn't know any spells.
Your spell library was empty.

Dungeon Overview and Level Annotations

Branches:
Dungeon (3/15)

Altars:
Fedhas

Shops:
D:1 =

Annotations:
D:3 Natasha


Innate Abilities, Weirdness & Mutations

You are immune to sickness and miasma.
Your stone body is resilient. (AC +3)
You are immune to poison.
You resist negative energy. (rN+)
You are resistant to electric shocks. (rElec)
You are resistant to unholy torment.
You are immune to petrification.


Message History

The cerulean imp hits you but does no damage.
The cerulean imp closely misses you.
The orc priest invokes the aid of Beogh against you.
Pain shoots through your body! Natasha claws you but does no damage.
The orc priest invokes the aid of Beogh against you.
Beogh smites you!
The cerulean imp hits you but does no damage.
You are too injured to fight recklessly!
You are too injured to fight recklessly!
You are too injured to fight recklessly!
You are too injured to fight recklessly!
You are too injured to fight recklessly!
You are too injured to fight recklessly!
You are too injured to fight recklessly!
You are too injured to fight recklessly!
You are too injured to fight recklessly!
You are too injured to fight recklessly!
You are too injured to fight recklessly!
You are too injured to fight recklessly!
You are too injured to fight recklessly!
You are too injured to fight recklessly!
You sock the orc priest!
The orc priest is heavily wounded.
An orc comes into view. It is wielding a +0 hand axe.
You block the cerulean imp's attack.
The orc priest splashes around in the water.
Natasha claws you.
The orc priest casts a cantrip, but nothing happens.
The cerulean imp hits you from afar with a +2 spear.
* * * LOW HITPOINT WARNING * * *
The cerulean imp hits you but does no damage.
The orc shouts!
You thump the orc priest!
You kill the orc priest!
You hear a splash.
You hear a shout!
The orc hits you but does no damage. Natasha barely misses you.
The cerulean imp hits you but does no damage.
You block the cerulean imp's attack.
The orc hits you from afar with a +0 trident!
You die...

###....#....#.... .
##.#.###....... .
#.#........#+# #.
##.#######.... #####.
##..|..........
#.....###..####........
#......†..........###..
......~⌠~⌠P~P........
......h@P....~..[....
......g5####†⌠.......
#+###5o.#_...P.......
...oo####.........
$.$.... P.~.......
......~o⌠ ~~P.......
......... ...........
...........###...... ..
......


You could see an orc priest, Natasha, 2 cerulean imps, 3 orcs and a goblin.

Vanquished Creatures
  An orc priest (D:3)
  5 adders
  A worm (D:3)
  A dart slug (D:3)
  5 bats
  An endoplasm (D:1)
  2 giant cockroaches
  4 goblins
  4 hobgoblins
  3 jackals (D:1)
  A quokka (D:1)
  5 ball pythons
  3 frilled lizards
  4 kobolds
  4 rats
44 creatures vanquished.

Notes
Turn   | Place    | Note
-------+----------+-------------------------------------------
     0 | D:1      | Dittersdorf the Gargoyle Fighter began the quest for the
                  | Orb.
     0 | D:1      | Reached XP level 1. HP: 14/14 MP: 1/1
   121 | D:1      | Found Olagi's Jewellery Shoppe.
   321 | D:1      | Reached XP level 2. HP: 19/19 MP: 2/2
   940 | D:2      | Reached XP level 3. HP: 23/24 MP: 3/3
  1313 | D:2      | Found a blossoming altar of Fedhas.
  1518 | D:3      | Reached XP level 4. HP: 29/29 MP: 4/4
  1612 | D:3      | Found a faded altar of an unknown god.
  1616 | D:3      | Noticed Natasha
  1627 | D:3      | Slain by an orc

Illustrated notes

Levels and vault maps discovered:
D:1:      scummos_arrival_checkerplants, layout_loops_corners, serial_shops,
          shop, chequers_decorated_corner, solitary_fountain,
          nicolae_concentric_dashed_squares_mild
D:2:      layout_rooms, basic_altar
D:3:      layout_basic, shapermc_ecumenical_altar_acropolis, serial_shops, shop,
          grunt_ministairs_4, roderic_lattice_a, minmay_ruptured, uniq_natasha

Skill      XL: |  1  2  3  4 |
---------------+-------------+-----
Fighting       | 4 |  4.0
Armour         | 4 |  4.0
Shields        | 4 |  4.0
Maces & Flails | |  2.9

Action                     |  1- 3 |  4- 6 || total
---------------------------+-------+-------++-------
  Melee: Flail             |   138 |    40 ||   178
 Armour: Scale mail        |   107 |    54 ||   161
  Dodge: Dodged            |    81 |    22 ||   103
  Block: Buckler           |    29 |    16 ||    45

Table legend: (Time is in decaauts)
 A = Elapsed time spent in this place.
 B = Non-inter-level travel time spent in this place.
 C = Inter-level travel time spent in this place.
 D = Time resting spent in this place.
 E = Time spent auto-exploring this place.
 F = Levels seen in this place.
 G = Mean time per level.
                   A        B        C        D        E       F      G
               +--------+--------+--------+--------+--------+-----+--------+
         Total |   1683 |   1610 |     73 |      0 |   1225 |   3 |  561.0 |
       Dungeon |   1683 |   1610 |     73 |      0 |   1225 |   3 |  561.0 |
               +--------+--------+--------+--------+--------+-----+--------+

Top non-repeatable levels by time:
     D:1: 949 daAuts
     D:2: 520 daAuts
     D:3: 212 daAuts
